 Dungeon Crawl Stone Soup version 0.27.1-15-g792fb953b9 (webtiles) character file.

Game seed: 14157565641889288274

23 adizb the Sneak (level 2, -2/19 HPs)
             Began as an Octopode Brigand on Nov 19, 2021.
             Slain by a jackal (3 damage)
             ... on level 2 of the Dungeon.
             The game lasted 00:04:28 (1245 turns).

adizb the Sneak (Octopode Brigand)                  Turns: 1245, Time: 00:04:29

Health: -2/19      AC:  1    Str:  8 (10) XL:     2   Next: 95%
Magic:  2/2        EV: 13    Int: 12 (13) God:
Gold:   47         SH:  0    Dex: 12 (13) Spells: 1/1 levels left

rFire    . . .     SeeInvis .   a - +2 dagger
rCold    . . .     Faith    .   (no shield)
rNeg     . . .     Spirit   .   (helmet restricted)
rPois    .         Reflect  .   (no amulet)
rElec    .         Harm     .   (no ring)
rCorr    .         Rampage  .   (no ring)
Will     .....                  (no ring)
Stlth    +++.......             (no ring)
HPRegen  0.06/turn              (no ring)
MPRegen  0.08/turn              (no ring)
                                (no ring)
                                (no ring)

@: silenced
A: almost no armour, amphibious, 8 rings, camouflage 1, gelatinous body 1,
(nimble swimmer 1), tentacles
a: no special abilities


You were on level 2 of the Dungeon.
You visited 1 branch of the dungeon, and saw 2 of its levels.

You collected 47 gold pieces.

Inventory:

Hand Weapons
 a - a +2 dagger (weapon)
Missiles
 b - 8 poisoned darts (quivered)
 c - 2 curare-tipped darts
Jewellery
 f - a ring of ice


   Skills:
 + Level 2.2 Fighting
 + Level 2.2 Short Blades
 + Level 2.2 Throwing
 + Level 1.3 Dodging
 * Level 5.8 Stealth


You had one spell level left.
You didn't know any spells.
Your spell library contained the following spells:

 Spells                   Type           Power      Damage    Failure   Level
 Sandblast                Erth           0%         2d4       32%         1
 Passwall                 Tmut/Erth      0%         N/A       45%         2
 Lee's Rapid Deconstruct  Erth           0%         3d5*      100%        5


Dungeon Overview and Level Annotations

Branches:
Dungeon (2/15)

Altars:

Shops:
D:2 [


Innate Abilities, Weirdness & Mutations

You cannot wear most types of armour.
You are amphibious.
You can wear up to eight rings at the same time.
Your skin changes colour to match your surroundings (Stealth+).
Your rubbery body absorbs attacks. (AC +1, EV +1)
((You are camouflaged near water. (Stealth+)))
You have tentacles for arms and can constrict up to eight enemies at once.


Message History

There is an open door here.
You hit the rat.
You kill the rat!
You now have 40 gold pieces (gained 11).
You open the door.
Found an escape hatch in the ceiling.
There is an open door here.
Found 7 gold pieces.
You open the door.
There is an open door here.
There is an open door here.
You now have 47 gold pieces (gained 7).
Found Inkuqor's Armour Boutique.
Found a bubbling brown potion.
Found a stone staircase leading up.
A hobgoblin comes into view.
There is an entrance to Inkuqor's Armour Boutique here.
A jackal comes into view.
A jackal comes into view.
The jackal barks!
The hobgoblin shouts!
The jackal barks!
You hear an angry hiss.
A frilled lizard comes into view.
The hobgoblin hits you.
You hit the hobgoblin. Your grab misses the hobgoblin.
The hobgoblin is heavily wounded.
The jackal closely misses you. The hobgoblin completely misses you.
You hit the hobgoblin. Your grab misses the hobgoblin.
The hobgoblin is almost dead.
The jackal bites you. x2; The hobgoblin hits you.
The jackal bites you. The jackal bites you.
* * * LOW HITPOINT WARNING * * *
A giant cockroach comes into view.
The jackal bites you.
* * * LOW HITPOINT WARNING * * *
As you read the scroll labelled LEDIGIGEXO, it crumbles to dust.
A profound silence engulfs you.
It was a scroll of silence.
The jackal misses you. The hobgoblin hits you.
* * * LOW HITPOINT WARNING * * *
The jackal barely misses you. The jackal bites you.
You die...

#.......
#.....# .
#.....#..<
#.....#.!.
##.......#+
#..l#......
#.#h...##..
#.#h#..+ .
#.@∩B..#
#....
###.#..#
#....
#....#
#....
##...#
#.... #...#
#.... #...#
#.... #...#
#..†. #...#
#....
#...#####
###..


You could see 2 jackals, a giant cockroach and a frilled lizard.

Vanquished Creatures
  2 endoplasms (D:1)
  2 giant cockroaches
  2 hobgoblins
  2 quokkas (D:1)
  A ball python (D:1)
  2 bats
  A frilled lizard (D:1)
  5 goblins
  3 kobolds
  2 rats
22 creatures vanquished.

Notes
Turn   | Place    | Note
-------+----------+-------------------------------------------
     0 | D:1      | adizb the Octopode Brigand began the quest for the Orb.
     0 | D:1      | Reached XP level 1. HP: 14/14 MP: 1/1
   406 | D:1      | Reached XP level 2. HP: 19/19 MP: 2/2
  1225 | D:2      | Found Inkuqor's Armour Boutique.
  1245 | D:2      | Slain by a jackal

Illustrated notes

Levels and vault maps discovered:
D:1:      scummos_arrival_star, layout_basic
D:2:      layout_basic, serial_shops, nicolae_shop_crystal, uniq_sigmund,
          uniq_robin

Action                   || total
-------------------------++-------
Melee: Dagger            ||    42
       Constrict         ||     5
       Tentacles         ||     3
  Use: Scroll            ||     2
       Potion            ||     1
 Stab: Sleeping          ||     7
Armor: Skin              ||     6
Dodge: Dodged            ||    15
